 Dungeon Crawl Stone Soup version 0.31.0-9-g3a7656b989 (webtiles) character file.

Game seed: 2850724494057557824

77 qw the Shooter (level 4, -5/25 HPs)
             Began as a Deep Elf Hunter on Feb 2, 2024.
             Incinerated by a bombardier beetle (6 damage)
             ... with a burning spray
             ... on level 3 of the Dungeon.
             The game lasted 00:00:06 (1700 turns).

qw the Shooter (Deep Elf Hunter)                    Turns: 1700, Time: 00:00:06

Health: -5/25      AC:  6    Str: 10    XL:     4   Next: 14%
Magic:  6/6        EV: 11    Int: 14    God:
Gold:   121        SH:  0    Dex: 18    Spells: 3/3 levels left

rFire   . . .        a - +0 shortbow
rCold   . . .        (shield currently unavailable)
rNeg    . . .        i - +0 ring mail
rPois   +            (no helmet)
rElec   .            (no cloak)
rCorr   +            h - +0 pair of gloves
SInv    .            (no boots)
Will    .....        (no amulet)
Stlth   +            b - ring of resist corrosion
HPRegen 0.24/turn    f - ring of poison resistance
MPRegen 0.10/turn

%: no passive effects
@: on fire, glowing
A: no striking features
a: no special abilities


You were on level 3 of the Dungeon.
You visited 1 branch of the dungeon, and saw 3 of its levels.

You collected 121 gold pieces.


   Skills:
 - Level 1.5 Fighting
 + Level 7.5 Ranged Weapons
 - Level 2.4 Dodging
 - Level 1.2 Stealth


You had 3 spell levels left.
You didn't know any spells.
Your spell library was empty.

Inventory:

Hand Weapons
 a - a +0 shortbow (weapon)
Armour
 c - a +0 pair of boots
 h - a +0 pair of gloves (worn)
 i - a +0 ring mail (worn)
Jewellery
 b - a ring of resist corrosion (left hand)
 f - a ring of poison resistance (right hand)
Potions
 d - a potion of enlightenment {unknown}
 e - a potion of degeneration {unknown}
 g - a potion of resistance
 j - a potion of curing {unknown}

Dungeon Overview and Level Annotations

Branches:
Dungeon (3/15)

Altars:


Message History

The bombardier beetle is moderately wounded.
The bombardier beetle bites you but does no damage.
You shoot an arrow.
The arrow barely misses the bombardier beetle.
The bombardier beetle bites you.
You shoot an arrow. The arrow hits the bombardier beetle.
The bombardier beetle is moderately wounded.
The bombardier beetle barely misses you.
You shoot an arrow. The arrow hits the bombardier beetle.
The bombardier beetle is heavily wounded.
You shoot an arrow.
The arrow hits the bombardier beetle but does no damage.
The bombardier beetle is heavily wounded.
The bombardier beetle barely misses you.
You shoot an arrow.
The arrow hits the bombardier beetle but does no damage.
The bombardier beetle is heavily wounded.
The bombardier beetle sprays incendiary fluid at you.
The burning spray hits you.
You are covered in liquid fire!
You shoot an arrow. The arrow hits the bombardier beetle.
The bombardier beetle is severely wounded.
The liquid fire burns you!
The bombardier beetle bites you but does no damage.
You shoot an arrow. The arrow hits the bombardier beetle.
The bombardier beetle is severely wounded.
The liquid fire burns you!
You shoot an arrow. The arrow hits the bombardier beetle.
The bombardier beetle is almost dead.
The liquid fire burns you!
The bombardier beetle bites you but does no damage.
You shoot an arrow. The arrow hits the bombardier beetle.
You kill the bombardier beetle!
The liquid fire burns you!
You have reached level 4!
You feel clever.
You are on fire!
The liquid fire burns you!
You are on fire!
The liquid fire burns you!
You die...

................##......#.#
.####...#######.##.##.....#
#....## #.##.##......
#>....# #............
#..#...## ####.########
.....#....# ##......#
###..#..#### #.......#####
.##..#...###........#...
..#...#.@............#...
#..###%................
#..# .#.....#.##.#.#...
#... .. ..##.#.#..).#...
#.. ... #.##......#.####
.## .### #####.#.##.# ..
#......# ## ###.#### #.####


There were no monsters in sight!

Vanquished Creatures
  A bombardier beetle (D:3)
  An adder (D:2)
  A dart slug (D:2)
  A ribbon worm (D:2)
  An orc (D:3)
  3 ball pythons
  2 endoplasms
  4 giant cockroaches
  4 goblins
  7 hobgoblins
  2 quokkas (D:2)
  A bat (D:2)
  A rat (D:2)
29 creatures vanquished.

Notes
Turn   | Place    | Note
-------+----------+-------------------------------------------
     0 | D:1      | qw the Deep Elf Hunter began the quest for the Orb.
     0 | D:1      | Reached XP level 1. HP: 12/12 MP: 3/3
     0 | D:1      | 0 ||| qw: Version: 0.3-a-155-g5e7d8dd
     0 | D:1      | 0 ||| qw: Game counter: 1359
     0 | D:1      | 0 ||| qw: Melee chars always use a shield: true
     0 | D:1      | 0 ||| qw: God list: Okawaru
     0 | D:1      | 0 ||| qw: Allow faded altars: false
     0 | D:1      | 0 ||| qw: Do Orc after clearing Dungeon:15 true
     0 | D:1      | 0 ||| qw: Do second Lair branch before Depths: true
     0 | D:1      | 0 ||| qw: Lair rune preference: random
     0 | D:1      | 0 ||| qw: Goals: Normal
     0 | D:1      | 0 ||| PLANNING D:1-11
   385 | D:1      | Reached skill level 6 in Ranged Weapons
   385 | D:1      | Reached XP level 2. HP: 16/16 MP: 4/4
   849 | D:1      | 849 ||| UPGRADING to +0 pair of gloves.
   854 | D:1      | 854 ||| UPGRADING to +0 ring mail.
   864 | D:1      | 864 ||| DROPPING +0 leather armour.
   865 | D:1      | 865 ||| READING scroll labelled ORHIZO ACUMUKU.
   870 | D:1      | 870 ||| READING scroll labelled GEH DAGUGE.
   871 | D:1      | 871 ||| READING scroll labelled ADUUBRECRA.
   871 | D:1      | 871 ||| IDENTIFYING brown potion
   872 | D:1      | 872 ||| READING scroll labelled WAVUSA SYLOFF.
   873 | D:1      | 873 ||| DROPPING scroll of butterflies.
   972 | D:2      | 972 ||| FLEEEEING.
   973 | D:2      | 973 ||| FLEEEEING.
   975 | D:2      | 975 ||| FLEEEEING.
   976 | D:2      | 976 ||| FLEEEEING.
   984 | D:2      | Reached XP level 3. HP: 18/20 MP: 5/5
  1008 | D:2      | Found a faded altar of an unknown god.
  1238 | D:2      | Reached skill level 7 in Ranged Weapons
  1506 | D:2      | 1506 ||| UPGRADING to ring of resist corrosion.
  1507 | D:2      | 1507 ||| DROPPING +6 ring of intelligence.
  1508 | D:2      | 1508 ||| UPGRADING to ring of poison resistance.
  1509 | D:2      | 1509 ||| READING scroll labelled WYMAYKH WAEZY.
  1698 | D:3      | HP: 2/20 [burnt (5)]
  1699 | D:3      | Reached XP level 4. HP: 3/25 MP: 6/6
  1700 | D:3      | Incinerated by a bombardier beetle

Levels and vault maps discovered:
D:1:      dpeg_arrival_pits, layout_loops_ring, serial_bayou,
          serial_bayou_lake_a, serial_bayou_pond_d, serial_bayou_lagoon_a,
          serial_bayou_ford_a, serial_bayou_lagoon_b, serial_bayou_pond_b
D:2:      layout_loops_ring, ebering_ecumenical_altar_mist
D:3:      layout_loops_cross, mainiacjoe_overflow_catwalk,
          worldfamousw_hep_ancestral_shrine, serial_shops, shop,
          grunt_ministairs_2, corexii_shack, nicolae_titane, uniq_jessica

Skill      XL: |  1  2  3 |
---------------+----------+-----
Ranged Weapons | 6 7 |  7.5
Fighting       | |  1.5
Dodging        | |  2.4
Stealth        | |  1.2

Action                     |  1- 3 |  4- 6 || total
---------------------------+-------+-------++-------
   Fire: Shortbow          |    96 |       ||    96
    Use: Scroll            |     5 |       ||     5
 Armour: Leather armour    |     5 |       ||     5
         Ring mail         |    13 |       ||    13
  Dodge: Dodged            |    25 |       ||    25

Table legend:
 A = Non-vault XP
 B = Vault XP
 C = Vault XP percentage of total XP
 D = Non-vault monster count
 E = Vault monster count
 F = Vault count percentage of total count
                 A         B        C        D         E       F
            +---------+---------+-------+---------+---------+-------
      Total |     103 |       8 |   7.2 |      25 |       4 |  13.8
            +---------+---------+-------+---------+---------+-------
        D:1 |      15 |       8 |  34.8 |       8 |       4 |  33.3
        D:2 |      43 |       0 |   0.0 |      15 |       0 |   0.0
        D:3 |      45 |       0 |   0.0 |       2 |       0 |   0.0
            +---------+---------+-------+---------+---------+-------
